 Dungeon Crawl Stone Soup version 0.18.1-47-g9310371 (console) character file.

28 Kloppie the Shield-Bearer (level 3, 0/30 HPs)
             Began as a Formicid Fighter on June 19, 2016.
             Slain by an adder (4 damage)
             ... on level 2 of the Dungeon.
             The game lasted 00:01:11 (722 turns).

Kloppie the Shield-Bearer (Formicid Fighter)         Turns: 722, Time: 00:01:12

Health: 0/30       AC:  9    Str: 25    XL:     3   Next: 30%
Magic:  3/3        EV:  6    Int:  7    God:
Gold:   16         SH: 10    Dex: 11    Spells: 0 memorised, 2 levels left

rFire  . . .     SeeInvis +     a - +0 war axe
rCold  . . .     Gourm    .     m - +0 chain mail (curse)
rNeg   . . .     Faith    .     c - +0 shield
rPois  .         Spirit   .     (helmet unavailable)
rElec  .         Dismiss  .     (no cloak)
rCorr  .         Reflect  .     (no gloves)
SustAt .         Harm     .     (no boots)
MR     .....                    (no amulet)
Stlth  ..........               (no ring)
                                (no ring)

@: mighty, lethally poisoned (0 -> -3), not resistant to hostile enchantments,
extremely unstealthy
A: permanent stasis, dig shafts and tunnels, four strong arms, antennae 3
a: Dig, Shaft Self


You were on level 2 of the Dungeon.
You were not hungry.

You visited 1 branch of the dungeon, and saw 2 of its levels.

You collected 16 gold pieces.

Inventory:

Hand Weapons
 a - a +0 war axe (weapon)
Armour
 c - a +0 shield (worn)
 m - a cursed +0 chain mail (worn)
Jewellery
 k - an uncursed ring of poison resistance {unknown}
Scrolls
 e - a scroll of identify {unknown}
 h - a scroll of remove curse {unknown}
 i - a scroll of noise {unknown}
 j - a scroll of fog {unknown}
 n - 2 scrolls of teleportation {unknown}
 o - a scroll of enchant armour {unknown}
Potions
 g - a potion of mutation {unknown}
 l - 2 potions of flight {unknown}
Comestibles
 b - 3 chunks of flesh
 f - 2 bread rations


   Skills:
 + Level 3.7 Fighting
 + Level 2.2 Axes
 + Level 3.5 Armour
 + Level 4.2 Shields


You had 2 spell levels left.
You didn't know any spells.

Dungeon Overview and Level Annotations

Branches:
Dungeon (2/15)

Altars:


Innate Abilities, Weirdness & Mutations

You are under a permanent stasis effect.
You can dig through walls and to a lower floor.
Your four strong arms can wield two-handed weapons with a shield.
You have a pair of large antennae on your head (SInv).


Message History

You feel sick. You block the adder's attack.
The adder bites you but does no damage.
You closely miss the adder. You block the adder's attack.
You closely miss the adder.
You feel sick. The adder bites you.
* * * LOW HITPOINT WARNING * * *
The adder completely misses you.
You barely miss the adder.
You feel sick. The adder barely misses you. You block the adder's attack.
You miss the adder. You block the adder's attack. The adder bites you.
* * * LOW HITPOINT WARNING * * *
Drink which item? (? for menu, Esc to quit)
You feel very mighty all of a sudden.
You feel sick. The adder barely misses you.
You hit the adder.
The adder is moderately wounded.
The adder completely misses you. You block the adder's attack.
You closely miss the adder.
The adder is moderately wounded.
The adder bites you.
You die...

.......# ..# §§#.#§§
.......#...# §#.#§
...........# §#.#§
......#....# #.######.
...........# .........
##'#'#.#...+ +........
#.#.#.#...# #g.......
#.#.#.#...######S.......
##.#.#.#........@########
...#.#...........#
####.##..........# #
#.............#
##########.......# ...#
#.......# ...# #...[...#
...# ######### ...#


You could see an adder and a hobgoblin.

Vanquished Creatures
  An ooze (D:1)
  2 dart slugs (D:1)
  2 giant cockroaches
  A goblin (D:1)
  4 hobgoblins (D:1)
  3 kobolds (D:1)
  3 bats (D:1)
  3 rats
19 creatures vanquished.

Notes
Turn   | Place    | Note
--------------------------------------------------------------
     0 | D:1      | Kloppie the Formicid Fighter began the quest for the Orb.
     0 | D:1      | Reached XP level 1. HP: 18/18 MP: 1/1
    75 | D:1      | Reached XP level 2. HP: 14/24 MP: 2/2
   304 | D:1      | Reached skill level 4 in Shields
   470 | D:1      | Reached XP level 3. HP: 30/30 MP: 3/3
   722 | D:2      | Slain by an adder

Skill      XL: |  1  2 |
---------------+-------+-----
Shields        | 4 |  4.2
Fighting       | |  3.7
Axes           | |  2.2
Armour         | |  3.5

Action                   || total
-------------------------++-------
Melee: War axe           ||    71
  Use: Potion            ||     1
Armor: Scale mail        ||    22
       Chain mail        ||    19
Dodge: Dodged            ||    27
Block: Shield            ||    47
